 Dungeon Crawl Stone Soup version 0.27.1-1-g398f81649c (webtiles) character file.

Game seed: 12723156328677467876

56 eagelman13509 the Skirmisher (level 3, 0/35 HPs)
             Began as a Gnoll Wanderer on Sept 17, 2021.
             Was a Follower of Nemelex Xobeh.
             Slain by an orc warrior (14 damage)
             ... on level 1 of the Dungeon.
             The game lasted 00:26:49 (1761 turns).

eagelman13509 the Skirmisher (Gnoll Wanderer)       Turns: 1761, Time: 00:26:50

Health: 0/35       AC:  6    Str: 10    XL:     3   Next: 97%
Magic:  1/9        EV: 10    Int: 12    God:    Nemelex Xobeh [*.....]
Gold:   81         SH:  0    Dex: 12    Spells: 5/12 levels left

rFire    . . .     SeeInvis .   a - +0 shortbow
rCold    . . .     Faith    .   (shield currently unavailable)
rNeg     . . .     Spirit   .   b - +0 ring mail
rPois    .         Reflect  .   d - +1 hat
rElec    .         Harm     .   (no cloak)
rCorr    .         Rampage  .   (no gloves)
Will     .....                  (no boots)
Stlth    +.........             (no amulet)
HPRegen  0.11/turn              (no ring)
MPRegen  0.11/turn              (no ring)

@: no status effects
A: fangs 1, strong nose, distributed training
a: Renounce Religion, Draw Escape, Draw Destruction, Draw Summoning


You were on level 1 of the Dungeon.
You worshipped Nemelex Xobeh.
Nemelex Xobeh was aware of your devotion.
You visited 1 branch of the dungeon, and saw 3 of its levels.

You collected 81 gold pieces.

Inventory:

Hand Weapons
 a - a +0 shortbow (weapon)
 e - a +0 hand axe of draining
 j - a +2 dagger of speed
Missiles
 c - 9 arrows (quivered ammo)
Armour
 b - a +0 ring mail (worn)
 d - a +1 hat (worn)
Scrolls
 f - a scroll of amnesia {unknown}
 k - a scroll of holy word {unknown}
 l - 3 scrolls of silence {unknown}
 m - a scroll of enchant weapon {unknown}
 o - a scroll of torment {unknown}
 p - a scroll of identify {unknown}
 r - a scroll of immolation {unknown}
 s - a scroll of fog {unknown}
Potions
 g - a potion of haste {unknown}
 h - 2 potions of curing {unknown}
 i - 2 potions of flight {unknown}
 n - a potion of berserk rage {unknown}
 q - a potion of heal wounds {unknown}
 t - a potion of magic {unknown}


   Skills:
 + Level 6.5 Fighting
 + Level 1.0 Short Blades
 + Level 1.0 Long Blades
 + Level 1.0 Axes
 + Level 1.0 Maces & Flails
 + Level 1.0 Polearms
 + Level 1.0 Staves
 + Level 1.0 Slings
 + Level 4.6 Bows
 + Level 1.0 Crossbows
 + Level 1.0 Throwing
 + Level 1.0 Armour
 + Level 1.0 Dodging
 + Level 1.0 Stealth
 + Level 2.7 Shields
 + Level 1.0 Unarmed Combat
 + Level 5.0 Spellcasting
 + Level 0.7 Conjurations
 + Level 0.7 Hexes
 + Level 2.2 Summonings
 + Level 0.7 Necromancy
 + Level 0.7 Translocations
 + Level 0.7 Transmutations
 + Level 0.7 Fire Magic
 + Level 0.7 Ice Magic
 + Level 0.7 Air Magic
 + Level 0.7 Earth Magic
 + Level 0.7 Poison Magic
 + Level 1.1 Invocations
 + Level 2.7 Evocations


You had 5 spell levels left.
You knew the following spells:

 Your Spells              Type           Power      Damage    Failure   Level
a - Magic Dart            Conj           16%        1d3       36%         1
b - Call Imp              Summ           8%         N/A       30%         2
c - Blink                 Tloc           N/A        N/A       50%         2
d - Slow                  Hex            4%         N/A       50%         2

Your spell library contained the following spells:

 Spells                   Type           Power      Damage    Failure   Level
 Corpse Rot               Necr/Air       N/A        N/A       50%         2
 Poisonous Vapours        Pois/Air       8%         N/A       50%         2
 Conjure Flame            Conj/Fire      4%         6-21      73%         3
 Mephitic Cloud           Conj/Pois/Air  4%         N/A       73%         3
 Freezing Cloud           Conj/Ice/Air   2%         6-21      100%        5


Dungeon Overview and Level Annotations

Branches:
Dungeon (3/15)

Altars:
Nemelex Xobeh

Shops:
D:1 [


Innate Abilities, Weirdness & Mutations

You have very sharp teeth.
Your uncanny sense of smell can sniff out nearby items.
Your experience applies equally to all skills.


Message History

Aim: an orc warrior, wielding a +0 hand axe and wearing a +0 chain mail (lightly wounded, ally target, 60% to hit)
You shoot an arrow.
The arrow closely misses the orc warrior.
The orc warrior hits you with a +0 hand axe.
The orc warrior hits your shadow imp with a +0 hand axe!
Your shadow imp dies!
There is a stone staircase leading up here.
The orc warrior hits you with a +0 hand axe.
You climb upwards.
There is a stone staircase leading down here.
You see here 21 stones.
You see here 21 stones.
You see here 21 stones.
Casting: Call Imp (dangerous; 30% risk of failure)
Confirm with . or Enter, or press ? or * to list all spells.
A beastly little devil appears in a puff of flame.
The orc warrior barely misses you.
The orc warrior hits your crimson imp with a +0 hand axe!
Your crimson imp dies!
Casting: Call Imp (dangerous; 30% risk of failure)
Confirm with . or Enter, or press ? or * to list all spells.
You don't know that spell.
Unknown command.
Casting: Call Imp (dangerous; 30% risk of failure)
Confirm with . or Enter, or press ? or * to list all spells.
A beastly little devil appears in a puff of flame.
The orc warrior barely misses you.
The orc warrior hits your crimson imp with a +0 hand axe!
Casting: Call Imp (dangerous; 30% risk of failure)
Confirm with . or Enter, or press ? or * to list all spells.
A beastly little devil appears in a puff of frigid air.
The orc warrior hits you with a +0 hand axe!
The orc warrior hits your crimson imp with a +0 hand axe!
Your crimson imp dies!
Casting: Call Imp (dangerous; 30% risk of failure)
Confirm with . or Enter, or press ? or * to list all spells.
A beastly little devil appears in a puff of frigid air.
The orc warrior hits you with a +0 hand axe!
You die...
Your body disappears without a glow.

#.#.# #...# #.#.########
#.#........# #.#.######.#
########........#.#
#......#.....(..#.# #####
#......#.#####o.#.# ### #....
#......#.#.5.@..#.# #.####....
#.....)#.#.#5#.##.# #.........
#..........#.#....# #.........
#####.........##########.........
#................................
#................#######..##.....
#.........................##...##
#..).............................
#.............##....####...######


You could see an orc warrior (ally target) and 2 friendly white imps.

Vanquished Creatures
  2 gnolls (D:2)
  2 dart slugs (D:2)
  4 ball pythons
  4 endoplasms
  A giant cockroach (D:1)
  3 goblins
  A hobgoblin (D:1)
  A kobold (D:1)
  A quokka (D:1)
  3 bats
  A frilled lizard (D:2)
  4 rats
27 creatures vanquished.

Vanquished Creatures (collateral kills)
  A gnoll (D:2)
  An orc (D:3)
  A hobgoblin (D:3)
  A rat (D:3)
4 creatures vanquished.

Vanquished Creatures (others)
  A demonic plant (D:2)
1 creature vanquished.

Grand Total: 32 creatures vanquished

Notes
Turn   | Place    | Note
-------+----------+-------------------------------------------
     0 | D:1      | eagelman13509 the Gnoll Wanderer began the quest for the
                  | Orb.
     0 | D:1      | eagelman13509 set off with the following items: a +0
                  | shortbow, a +0 ring mail, 23 arrows; and the following
                  | spell memorised: Magic Dart; and the following spells
                  | available to memorise: Call Imp, Blink, Slow, Conjure
                  | Flame, Mephitic Cloud
     0 | D:1      | Reached XP level 1. HP: 23/23 MP: 6/6
   112 | D:1      | Reached XP level 2. HP: 28/29 MP: 7/7
   118 | D:1      | Learned a level 2 spell: Call Imp
   477 | D:1      | Found Koluziaf's Armour Shoppe.
   999 | D:2      | Reached XP level 3. HP: 33/35 MP: 6/9
  1011 | D:2      | Reached skill level 5 in Spellcasting
  1028 | D:2      | Reached skill level 1 in Invocations
  1187 | D:2      | Reached skill level 1 in Short Blades
  1187 | D:2      | Reached skill level 1 in Long Blades
  1187 | D:2      | Reached skill level 1 in Axes
  1187 | D:2      | Reached skill level 1 in Maces & Flails
  1187 | D:2      | Reached skill level 1 in Polearms
  1187 | D:2      | Reached skill level 1 in Staves
  1187 | D:2      | Reached skill level 1 in Slings
  1187 | D:2      | Reached skill level 1 in Crossbows
  1187 | D:2      | Reached skill level 1 in Throwing
  1187 | D:2      | Reached skill level 1 in Armour
  1187 | D:2      | Reached skill level 1 in Dodging
  1187 | D:2      | Reached skill level 1 in Stealth
  1187 | D:2      | Reached skill level 1 in Unarmed Combat
  1529 | D:2      | Found a faded altar of an unknown god.
  1543 | D:2      | Became a worshipper of Nemelex Xobeh the Trickster
  1543 | D:2      | Reached * piety under Nemelex Xobeh
  1624 | D:2      | Learned a level 2 spell: Blink
  1627 | D:2      | Learned a level 2 spell: Slow
  1661 | D:3      | Noticed an orc warrior
  1761 | D:1      | Slain by an orc warrior

Illustrated notes

Levels and vault maps discovered:
D:1:      dpeg_arrival_arbitrary_a, layout_basic, serial_shops, shop
D:2:      layout_rooms, dreamdust_ecumenical_altar_sealed_demon
D:3:      layout_rooms, lightli_temple_of_fire,
          mainiacjoe_overflow_divided_tiny, uniq_grinder

Skill      XL: |  1  2  3 |
---------------+----------+-----
Summonings     | 2 |  2.2
Spellcasting   | 5 |  5.0
Invocations    | 1 |  1.1
Short Blades   | 1 |  1.0
Long Blades    | 1 |  1.0
Axes           | 1 |  1.0
Maces & Flails | 1 |  1.0
Polearms       | 1 |  1.0
Staves         | 1 |  1.0
Slings         | 1 |  1.0
Crossbows      | 1 |  1.0
Throwing       | 1 |  1.0
Armour         | 1 |  1.0
Dodging        | 1 |  1.0
Stealth        | 1 |  1.0
Unarmed Combat | 1 |  1.0
Fighting       | |  6.5
Bows           | |  4.6
Shields        | |  2.7
Conjurations   | |  0.7
Hexes          | |  0.7
Necromancy     | |  0.7
Translocations | |  0.7
Transmutations | |  0.7
Fire Magic     | |  0.7
Ice Magic      | |  0.7
Air Magic      | |  0.7
Earth Magic    | |  0.7
Poison Magic   | |  0.7
Evocations     | |  2.7

Action                   || total
-------------------------++-------
Melee: Shortbow          ||     3
 Fire: Shortbow          ||    51
 Cast: Magic Dart        ||    32
       Call Imp          ||    11
Armor: Ring mail         ||    16
Dodge: Dodged            ||    26
